 Dungeon Crawl Stone Soup version 0.29.0-11-gd7f09526c8 (webtiles) character file.

Game seed: 4348477847699724879

9881 mortz the Covert (level 11, -10/52 HPs)
             Began as a Kobold Conjurer on Sept 5, 2022.
             Was a Priest of Hepliaklqana.
             Mangled by a red ugly thing (22 damage)
             ... on level 9 of the Dungeon.
             The game lasted 01:15:35 (12786 turns).

mortz the Covert (Kobold Conjurer)                 Turns: 12786, Time: 01:15:37

Health: -10/52     AC: 12    Str:  4    XL:     11   Next: 82%
Magic:  14/24      EV: 14    Int: 24    God:    Hepliaklqana [***...]
Gold:   503        SH:  0    Dex: 14    Spells: 8/29 levels left

rFire   . . .      SeeInvis .   a - staff of conjuration
rCold   . . .      Faith    .   (shield currently unavailable)
rNeg    . . .      Spirit   .   O - +1 troll leather armour
rPois   .          Reflect  .   (no helmet)
rElec   .          Harm     .   A - scarf {repulsion}
rCorr   .          Rampage  .   E - +1 pair of gloves
Will    +....                   (no boots)
Stlth   +++++.....              B - amulet of magic regeneration
HPRegen 0.97/turn               i - ring of willpower
MPRegen 0.59/turn               C - +4 ring of protection

@: very slightly contaminated, repel missiles
A: reduced essence, small, no large weapons, nightstalker 3
a: Renounce Religion, Recall Ancestor, Ancestor Identity, Transference


You were on level 9 of the Dungeon.
You worshipped Hepliaklqana.
Hepliaklqana was most pleased with you.
You visited 2 branches of the dungeon, and saw 10 of its levels.
You also visited: Ossuary.

You collected 543 gold pieces.
You spent 40 gold pieces at shops.

Inventory:

Hand Weapons
 b - a +1 dagger of venom
 o - a +0 short sword of holy wrath
 I - a +2 mace of venom
 K - a +3 hand axe
 Q - a +1 short sword of venom
 R - a +5 flail
 S - a +0 scimitar of flaming
Armour
 v - a +3 scale mail
 A - a scarf of repulsion (worn)
 E - a +1 pair of gloves (worn)
 M - +0 steam dragon scales
 O - a +1 troll leather armour (worn)
 T - a +0 leather armour of fire resistance
Magical Staves
 a - a staff of conjuration (weapon)
 k - a staff of air
 t - a staff of death
 x - a staff of fire
Jewellery
 i - a ring of willpower (left hand)
 m - a ring of willpower
 y - an amulet of faith
 B - an amulet of magic regeneration (around neck)
 C - a +4 ring of protection (right hand)
 G - a ring of fire
 H - a ring of protection from cold
Wands
 f - a wand of flame (18)
 s - a wand of mindburst (21)
 D - a wand of charming (18)
 N - a wand of roots (10)
Scrolls
 e - 5 scrolls of immolation
 h - a scroll of blinking
 r - 2 scrolls of amnesia
 w - a scroll of magic mapping
 J - 2 scrolls of teleportation
 L - a scroll of enchant weapon
Potions
 c - 2 potions of attraction
 d - 2 potions of berserk rage
 g - 2 potions of resistance
 j - a potion of lignification {unknown}
 l - 4 potions of heal wounds
 n - 5 potions of curing
 p - 3 potions of flight
 q - 3 potions of brilliance
 u - 5 potions of haste
 z - 2 potions of might {unknown}
 F - 3 potions of mutation
 P - a potion of invisibility {unknown}


   Skills:
 + Level 2.4 Fighting
 + Level 4.6 Short Blades
 + Level 4.4 Armour
 + Level 4.3 Dodging
 + Level 10.9 Stealth
 * Level 9.8 Spellcasting
 * Level 10.0 Conjurations
 * Level 3.2 Translocations
 * Level 2.5 Fire Magic
 * Level 2.9 Poison Magic


You had 8 spell levels left.
You knew the following spells:

 Your Spells              Type           Power      Damage    Failure   Level
a - Magic Dart            Conj           100%       1d8       1%          1
b - Searing Ray           Conj           100%       2d8       1%          2
c - Iskenderun's Mystic   Conj/Tloc      60%        2d13      6%          4
d - Dazzling Flash        Conj/Hex       100%       N/A       3%          3
e - Conjure Flame         Conj/Fire      58%        6-21      1%          3
f - Flame Wave            Conj/Fire      58%        2d14      7%          4
g - Mephitic Cloud        Conj/Pois/Air  48%        N/A       4%          3
h - Foxfire               Conj/Fire      100%       2x1d9     1%          1

Your spell library contained the following spells:

 Spells                   Type           Power      Damage    Failure   Level
 Apportation              Tloc           54%        N/A       2%          1
 Necrotise                Necr           44%        1d6       9%          1
 Summon Small Mammal      Summ           44%        N/A       9%          1
 Fulminant Prism          Conj/Hex       26%        3d14      12%         4
 Call Imp                 Summ           11%        N/A       14%         2
 Inner Flame              Hex/Fire       17%        N/A       16%         3
 Ozocubu's Armour         Ice            11%        N/A       26%         3
 Olgreb's Toxic Radiance  Pois           25%        N/A       26%         4
 Leda's Liquefaction      Hex/Erth       5%         N/A       65%         4
 Lee's Rapid Deconstruct  Erth           5%         3d7*      94%         5
 Metabolic Englaciation   Hex/Ice        5%         N/A       94%         5
 Simulacrum               Ice/Necr       5%         N/A       100%        6
 Statue Form              Tmut/Erth      7%         N/A       100%        6
 Ozocubu's Refrigeration  Ice            5%         4d8       100%        7
 Ignition                 Fire           12%        3d6       100%        8


Dungeon Overview and Level Annotations

Branches:
Dungeon (9/15) Zot: 25970  Temple (1/1) D:4 Zot: 5604 Ossuary (visited)
   Lair: D:8-11         Orc: D:9-12

Altars:
Ashenzari
Cheibriados
Dithmenos
Elyvilon
Fedhas
Gozag
Hepliaklqana
Kikubaaqudgha
Makhleb
Nemelex Xobeh
Okawaru
Qazlal
Ru
Sif Muna
Trog
Uskayaw
Vehumet
Wu Jian
Xom
Yredelemnul
Zin
The Shining One

Shops:
D:7 *

Annotations:
D:4 2 runed translucent doors, exclusion: downstairs
D:5 exclusion: downstairs
D:7 exclusion: 2 downstairs


Innate Abilities, Weirdness & Mutations

Your life essence is reduced to manifest your ancestor. (-10% HP)
You are small and have problems with some larger weapons.
You are completely attuned to the shadows.


Message History

You finish channelling your searing ray.
Glurtz closely misses the green ugly thing.
Casting: Searing Ray (safe; 1% risk of failure)
Confirm with . or Enter, or press ? or * to list all spells.
You feel a surge of power!
You erupt in a blast of force!
The mystic blast hits the green ugly thing.
The green ugly thing is severely wounded.
The green ugly thing is knocked back by the mystic blast.
The green ugly thing slams into the stone wall!
The green ugly thing is severely wounded.
Glurtz avoids your attack.
Glurtz hits the green ugly thing with a +0 flail.
Casting: Iskenderun's Mystic Blast (dangerous; 6% risk of failure)
Confirm with . or Enter, or press ? or * to list all spells.
You feel a surge of power!
You erupt in a blast of force!
The mystic blast hits the green ugly thing!
The green ugly thing is almost dead.
The green ugly thing is knocked back by the mystic blast.
The green ugly thing slams into the stone wall!
You kill the green ugly thing!
Glurtz avoids your attack.
Glurtz hits the red ugly thing with a +0 flail!
Your Conjurations skill increases to level 10!
Casting: Iskenderun's Mystic Blast (dangerous; 6% risk of failure)
Confirm with . or Enter, or press ? or * to list all spells.
You feel a surge of power!
You miscast Iskenderun's Mystic Blast.
You are very lightly contaminated with residual magic.
Nothing appears to happen.
The red ugly thing stings you but does no damage.
Glurtz hits the red ugly thing with a +0 flail!
Welcome back, mortz the Kobold Conjurer.
Hepliaklqana says: Your past becomes your present!
Press ? for a list of commands and other information.
The red ugly thing attacks as you move away!
The red ugly thing stings you.
You are engulfed in flames!!
The red ugly thing attacks as you move away!
The red ugly thing stings you!
* * * LOW HITPOINT WARNING * * *
You are engulfed in flames!!
You die...

##.#.#.#.# #'###.#
...#.#.#.........#
.##.##..####.##..#
.#.#.#.##...####.##
##.#.#####........#
#.#.#...# #.#.##..#
#..#.#..####.#.#..#
#...#R#.......Ru..#
....R#.#.#######@.#
#..#.#.#.#.....#..#
#.##...#.#.###.#..#
..##.#..)'.#)'.#..#
..##.#.#.#^###.#..#
###..#.#.#.....#u.#
#..#.....#######..#
..................#
#...#####..#.#....#


You could see the friendly glurtz the knight and a red ugly thing (ally target).

Vanquished Creatures
  A hydra (D:9)
  A centaur warrior (D:9)
  An ugly thing (D:9)
  Pikel (D:5)
  A gargoyle (D:8)
  Maggie (D:6)
  A troll (D:7)
  Prince Ribbit (D:8)
  Sigmund (D:6)
  2 wyverns (D:7)
  4 yaks (D:9)
  An acid dragon (D:9)
  Duvessa (D:5)
  2 water moccasins (D:6)
  An orc warrior (D:9)
  2 ice beasts (D:6)
  A sky beast (D:7)
  2 black bears
  2 ogres
  4 centaurs
  3 lemures (D:5)
  3 kobold brigands
  A necrophage (D:6)
  7 scorpions
  5 wights
  Dowan (D:5)
  A killer bee (D:9)
  2 howler monkeys (D:8)
  A centaur zombie (Ossuary)
  2 hounds
  A human zombie (Ossuary)
  2 jellies
  4 orc priests
  2 iguanas
  5 scorpion zombies (Ossuary)
  2 orc wizards (D:9)
  3 mummies (Ossuary)
  5 adders
  2 shadow imps
  A white imp (D:7)
  3 ufetubi
  4 worms
  15 orcs
  8 endoplasms
  5 giant cockroaches
  2 gnoll zombies (Ossuary)
  4 hobgoblins
  6 jackals
  2 quokkas
  9 ball pythons
  5 bats
  3 frilled lizards (D:2)
  8 goblins
  2 goblin zombies (Ossuary)
  2 hobgoblin zombies (Ossuary)
  16 kobolds
  2 kobold zombies (Ossuary)
  3 orc zombies (Ossuary)
  3 rats (D:2)
186 creatures vanquished.

Vanquished Creatures (collateral kills)
  A two-headed ogre (D:7)
  A troll (D:9)
  A hornet (D:9)
  A wraith (D:9)
  A wyvern (D:9)
  3 yaks (D:9)
  An acid dragon (D:9)
  2 orc warriors (D:9)
  2 centaurs (D:9)
  Blork the orc (D:6)
  2 bullfrogs (D:9)
  3 wights (D:8)
  An orc wizard (D:8)
  3 orcs
  2 kobolds (D:8)
25 creatures vanquished.

Vanquished Creatures (others)
  A knight (D:9)
  3 ancestors
  14 plants
18 creatures vanquished.

Grand Total: 229 creatures vanquished

Notes
Turn   | Place    | Note
-------+----------+-------------------------------------------
     0 | D:1      | mortz the Kobold Conjurer began the quest for the Orb.
     0 | D:1      | Reached XP level 1. HP: 10/10 MP: 3/3
   495 | D:1      | Reached XP level 2. HP: 15/15 MP: 0/5
   864 | D:2      | Learned a level 2 spell: Searing Ray
   912 | D:2      | Reached XP level 3. HP: 19/19 MP: 0/6
  1320 | D:2      | You fall into a shaft and drop 2 floors!
  1482 | D:4      | Found a large runed translucent door.
  1496 | D:3      | Learned a level 1 spell: Foxfire
  1677 | D:3      | Reached skill level 5 in Conjurations
  1677 | D:3      | Reached XP level 4. HP: 24/24 MP: 4/7
  2417 | D:2      | Found a faded altar of an unknown god.
  2747 | D:2      | Identified a scroll of acquirement
  2747 | D:2      | Acquired a staff of conjuration
  2856 | D:3      | Reached skill level 1 in Short Blades
  3558 | D:4      | Reached XP level 5. HP: 28/28 MP: 5/8
  4089 | D:4      | Noticed an ogre
  4094 | D:4      | Killed an ogre
  4095 | D:4      | Reached skill level 5 in Stealth
  4095 | D:4      | Reached XP level 6. HP: 32/32 MP: 2/10
  4359 | D:4      | Found a large runed translucent door.
  4388 | D:4      | Found a staircase to the Ecumenical Temple.
  4394 | Temple   | Entered the Ecumenical Temple
  4774 | Temple   | Became a worshipper of Hepliaklqana the Forgotten
  5100 | D:5      | Entered Level 5 of the Dungeon
  5110 | D:5      | Found a sand-covered staircase.
  5115 | Ossuary  | Entered an ossuary
  5389 | Ossuary  | Reached XP level 7. HP: 25/36 MP: 9/12
  5867 | Ossuary  | Reached XP level 8. HP: 42/42 MP: 6/14
  6575 | D:5      | Noticed Pikel
  6632 | D:5      | Reached skill level 1 in Armour
  6749 | D:5      | Noticed Dowan
  6752 | D:5      | Noticed Duvessa
  6771 | D:5      | Killed Duvessa
  6772 | D:5      | Reached skill level 5 in Spellcasting
  6894 | D:5      | Killed Dowan
  7317 | D:5      | Learned a level 3 spell: Dazzling Flash
  7321 | D:5      | Learned a level 3 spell: Conjure Flame
  7703 | D:5      | Killed Pikel
  7704 | D:5      | Reached skill level 1 in Fighting
  7704 | D:5      | Reached XP level 9. HP: 47/47 MP: 2/18
  8149 | D:6      | Reached * piety under Hepliaklqana
  8450 | D:6      | Noticed Sigmund
  8458 | D:6      | Killed Sigmund
  8471 | D:6      | Noticed Blork the orc
  8476 | D:6      | Killed Blork the orc
  8866 | D:6      | Noticed Maggie
  8882 | D:6      | Killed Maggie
  8883 | D:6      | Reached XP level 10. HP: 46/46 MP: 13/22
  8985 | D:6      | Learned a level 4 spell: Iskenderun's Mystic Blast
  8989 | D:6      | Learned a level 3 spell: Mephitic Cloud
  8994 | D:6      | Learned a level 4 spell: Flame Wave
  9284 | D:7      | Found Loocapn's Assorted Antiques.
  9289 | D:7      | Bought a scroll of identify for 40 gold pieces
  9675 | D:7      | Found an ancient bone altar of Kikubaaqudgha.
  9680 | D:7      | Found a shimmering altar of Xom.
  9687 | D:7      | Found a burning altar of Makhleb.
 10196 | D:7      | Noticed a two-headed ogre
 10203 | D:7      | Killed a two-headed ogre
 10592 | D:8      | Noticed Prince Ribbit
 10597 | D:8      | Killed Prince Ribbit
 10656 | D:8      | Reached skill level 1 in Translocations
 10661 | D:8      | Noticed a gargoyle
 10779 | D:8      | Reached skill level 10 in Stealth
 10823 | D:8      | Reached ** piety under Hepliaklqana
 10824 | D:8      | Remembered your ancestor glurtz as a knight
 11172 | D:8      | Killed a gargoyle
 11173 | D:8      | Reached skill level 1 in Fire Magic
 11173 | D:8      | Reached XP level 11. HP: 50/50 MP: 21/24
 11981 | D:9      | Reached skill level 1 in Poison Magic
 12527 | D:9      | Noticed a centaur warrior
 12531 | D:9      | Killed a centaur warrior
 12565 | D:9      | Reached *** piety under Hepliaklqana
 12627 | D:9      | Noticed a brown ugly thing
 12627 | D:9      | Noticed a red ugly thing
 12691 | D:9      | Noticed a four-headed hydra
 12700 | D:9      | Killed a four-headed hydra
 12779 | D:9      | Killed a green ugly thing
 12780 | D:9      | Reached skill level 10 in Conjurations
 12786 | D:9      | Mangled by a red ugly thing

Illustrated notes

Levels and vault maps discovered:
D:1:      eino_arrival_water_star, layout_basic
D:2:      layout_rooms, shapermc_ecumenical_altar_flowoftime
D:3:      layout_basic, grunt_decor_cap, guppyfry_early_lair_pool
D:4:      layout_gridville, minmay_temple_entry_nine_rooms,
          ebering_ghost_disaster_area
D:5:      layout_loops_ring, enter_ossuary_2, uniq_pikel, uniq_duvessa
D:6:      layout_rooms, uniq_blork_the_orc, uniq_maggie, uniq_sigmund
D:7:      minmay_blocky_corners, layout_basic, grunt_temple_overflow_open,
          serial_shops, nicolae_shop_waterfront, amcnicky_mini_corridor_feature
D:8:      layout_basic, nicolae_titane, uniq_prince_ribbit1
D:9:      layout_loops_ring, grunt_ministairs_11, roderic_lattice_a,
          minmay_shattered_shrine
Temple:   compressed_dpeg_triangle_lava_temple

Skill      XL: |  1  2  3  4  5  6  7  8  9 10 11 |
---------------+----------------------------------+-----
Stealth        | 3 4 5 6 7 8 10 | 10.9
Conjurations   | 5 6 7 8 10 | 10.0
Short Blades   | 1 2 3 4 |  4.6
Spellcasting   | 3 4 6 8 9 |  9.8
Dodging        | 3 4 |  4.3
Armour         | 2 3 4 |  4.4
Fighting       | 1 2 |  2.4
Translocations | 2 3 |  3.2
Fire Magic     | 1 2 |  2.5
Poison Magic   | 2 |  2.9

Action                   |  1- 3 |  4- 6 |  7- 9 | 10-12 || total
-------------------------+-------+-------+-------+-------++-------
Melee: Dagger            |    10 |    16 |    10 |    12 ||    48
       Staff             |       |     4 |       |       ||     4
 Cast: Magic Dart        |    18 |       |       |       ||    18
       Searing Ray       |     8 |    36 |    58 |    62 ||   164
       Conjure Flame     |       |       |     1 |       ||     1
       Iskenderun's Myst |       |       |       |     7 ||     7
Invok: Ancestor Identity |       |       |     1 |       ||     1
       Ancestor Life: Kn |       |       |       |     1 ||     1
  Use: Scroll            |     2 |     9 |     6 |     6 ||    23
       Potion            |       |     2 |       |       ||     2
 Stab: Sleeping          |     9 |    15 |     9 |    11 ||    44
Armor: Robe              |       |     1 |       |       ||     1
       Leather armour    |       |     2 |    11 |       ||    13
       Troll leather arm |       |       |       |     5 ||     5
       Steam dragon scal |       |       |       |     1 ||     1
Dodge: Dodged            |    12 |    27 |    40 |    14 ||    93
       Repelled          |       |       |       |     1 ||     1
